 Dungeon Crawl Stone Soup version 0.30.0-16-gbe6223bb7e (webtiles) character file.

Game seed: 4434053177312812815

31 bmack86 the Trooper (level 3, -2/29 HPs)
             Began as a Demonspawn Chaos Knight on May 21, 2023.
             Was a Plaything of Xom.
             Slain by a wind drake (shapeshifter) (9 damage)
             ... on level 2 of the Dungeon.
             The game lasted 00:05:40 (820 turns).

bmack86 the Trooper (Demonspawn Chaos Knight)        Turns: 820, Time: 00:05:40

Health: -2/29      AC:  5    Str: 14    XL:     3   Next: 7%
Magic:  3/3        EV: 11    Int: 13    God:    Xom [..*...]
Gold:   196        SH:  0    Dex: 12    Spells: 2/2 levels left

rFire   . . .        a - +0 hand axe (chaos)
rCold   . . .        (no shield)
rNeg    . . .        b - +2 leather armour
rPois   .            (no helmet)
rElec   .            (no cloak)
rCorr   .            (no gloves)
SInv    .            (no boots)
Will    .....        (no amulet)
Stlth   +            m - +4 ring of slaying
HPRegen 0.24/turn    (no ring)
MPRegen 0.08/turn

%: no passive effects
@: no status effects
A: claws 1, weakness stinger 1
a: Renounce Religion


You were on level 2 of the Dungeon.
You worshipped Xom.
You were a toy of Xom.
You visited 1 branch of the dungeon, and saw 2 of its levels.

You collected 196 gold pieces.

Inventory:

Hand Weapons
 a - a +0 hand axe of chaos (weapon)
Missiles
 n - 2 poisoned darts
Armour
 b - a +2 leather armour (worn)
Jewellery
 m - a +4 ring of slaying (left claw)
Scrolls
 d - a scroll of magic mapping {unknown}
 e - a scroll of noise {unknown}
 g - a scroll of enchant armour {unknown}
 i - 3 scrolls of identify {unknown}
 j - a scroll of teleportation {unknown}
 k - a scroll of fear {unknown}
 l - a scroll of fog {unknown}
Potions
 f - a potion of heal wounds {unknown}
 h - a potion of curing {unknown}
Miscellaneous
 c - a piece from Xom's chessboard (10/15) (quivered)


   Skills:
 + Level 3.3 Fighting
 * Level 3.1 Axes
 + Level 2.1 Armour
 + Level 1.3 Dodging


You had 2 spell levels left.
You didn't know any spells.
Your spell library was empty.

Dungeon Overview and Level Annotations

Branches:
Dungeon (2/15)

Altars:
Fedhas


Innate Abilities, Weirdness & Mutations

You have sharp fingernails.
You have a small tail.


Message History

The tarantella changes into a wind drake!
You miss the wind drake.
Your tail-slap misses the wind drake.
The wind drake begins repelling missiles!
You hit the wind drake.
The wind drake is poisoned.
Your tail-slap misses the wind drake.
The wind drake is lightly wounded.
The wind drake bites you. The wind drake bites you!
You closely miss the wind drake.
You tail-slap the wind drake, but do no damage.
The wind drake is lightly wounded.
The wind drake bites you but does no damage.
You barely miss the wind drake.
The wind drake is lightly wounded.
The wind drake bites you!
You slash the wind drake! You tail-slap the wind drake.
The wind drake is moderately wounded.
The wind drake bites you but does no damage.
The wind drake exhales a fierce blast of wind!
You are knocked back by the gust of wind.
You hit the wind drake.
The wind drake resists with almost no effort.
Your tail-slap misses the wind drake.
The wind drake is moderately wounded.
The wind drake exhales a fierce blast of wind!
You are knocked back by the gust of wind.
The wind drake bites you!
* * * LOW HITPOINT WARNING * * *
You barely miss the wind drake.
The wind drake is moderately wounded.
The wind drake bites you but does no damage.
The wind drake bites you.
* * * LOW HITPOINT WARNING * * *
You closely miss the wind drake.
Your tail-slap misses the wind drake.
The wind drake is moderately wounded.
The wind drake barely misses you.
You barely miss the wind drake.
The wind drake is moderately wounded.
The wind drake looks more healthy.
The wind drake bites you!
You die...
Xom snickers!

#...# #...#. [# #
#.##. #.## #.
#)#..#...# .# #..
###.##...##..# #...
#..#.....#..#
#....#..#.....#..#
#................###
#.......@k).........
#...?....†........#
##..............#
##.....##.....##
####...###..## #$....
#...#...## ##.....
#####...########......
#.....................
#.....................


You could see a wind drake shaped shifter (repels missiles).

Vanquished Creatures
  3 ball pythons
  5 endoplasms
  3 goblins
  4 hobgoblins
  2 jackals (D:2)
  2 quokkas (D:1)
  3 bats (D:2)
  2 kobolds (D:2)
  2 rats (D:1)
26 creatures vanquished.

Notes
Turn   | Place    | Note
-------+----------+-------------------------------------------
     0 | D:1      | bmack86 the Demonspawn Chaos Knight began the quest for the
                  | Orb.
     0 | D:1      | Reached XP level 1. HP: 18/18 MP: 1/1
    22 | D:1      | XOM: silly message
    83 | D:1      | Reached skill level 1 in Dodging
   173 | D:1      | XOM: divination: detect items
   216 | D:1      | Discovered your monstrous ancestry.
   216 | D:1      | Gained mutation: You have a small tail. [demonic ancestry]
   216 | D:1      | Reached XP level 2. HP: 24/24 MP: 2/2
   362 | D:1      | XOM: cloud trail
   445 | D:1      | XOM: divination: magic mapping
   653 | D:2      | XOM: 3-stop teleportation journey
   740 | D:2      | Found a blossoming altar of Fedhas.
   783 | D:2      | Gained mutation: You have sharp fingernails. [demonic
                  | ancestry]
   783 | D:2      | Reached XP level 3. HP: 24/29 MP: 3/3
   807 | D:2      | a goblin changed into a shapeshifter
   807 | D:2      | Noticed a shapeshifter (shapeshifter)
   807 | D:2      | XOM: divination: detect creatures
   807 | D:2      | a shapeshifter changed into a tarantella
   807 | D:2      | Noticed a tarantella (shapeshifter)
   809 | D:2      | a tarantella changed into a wind drake
   809 | D:2      | Noticed a wind drake (shapeshifter)
   820 | D:2      | Slain by a wind drake (shapeshifter)

Illustrated notes

Levels and vault maps discovered:
D:1:      dpeg_arrival_simpleton_c, layout_rooms
D:2:      layout_rooms, basic_altar, kennysheep_decorative_pillar,
          dreamdust_wishing_well, minmay_unequal

Skill      XL: |  1  2 |
---------------+-------+-----
Dodging        | 1 |  1.3
Armour         | 2 |  2.1
Axes           | 3 |  3.1
Fighting       | |  3.3

Action                     || total
---------------------------++-------
  Melee: Hand axe          ||    62
         Tailslap          ||     6
         Punch             ||     1
  Evoke: Piece from Xom's  ||     5
 Armour: Leather armour    ||    23
  Dodge: Dodged            ||    40
